 Dungeon Crawl Stone Soup version 0.21-a0-538-gd16b88a (webtiles) character file.

15066455 Sphara the Talismancer (level 27, 159/159 HPs)
             Began as a Spriggan Monk on Dec 14, 2017.
             Was the Champion of the Shining One.
             Escaped with the Orb
             ... and 15 runes on Dec 16, 2017!
             The game lasted 10:10:38 (104187 turns).

Sphara the Talismancer (Spriggan Monk)            Turns: 104187, Time: 10:10:39

Health: 159/159    AC: 13    Str: 15 (16) XL:     27
Magic:  38/38      EV: 42    Int: 23      God:    the Shining One [******]
Gold:   4588       SH: 21    Dex: 25      Spells: 5/65 levels left

rFire    + + .     SeeInvis +   a - +9 eudemon blade (holy)
rCold    + . .     Gourm    .   O - +3 buckler {rF+}
rNeg     + + +     Faith    .   i - +4 troll leather armour
rPois    +         Spirit   .   B - +3 crown of Dyrovepreva {rElec Int+2 SInv}
rElec    +         Reflect  +   f - +2 cloak of the Original Sin {rC+ Regen+ Str+2 Stlth+}
rCorr    .         Harm     .   (gloves unavailable)
MR       +++++                  (boots unavailable)
Stlth    ++........             o - brooch of Shielding {Reflect SH+8}
HPRegen  1.16/turn              k - ring "Bisex" {rPois rC+ MP-9 Str+3 Int+9}
MPRegen  0.26/turn              W - ring of the Madman {Fire +Inv Slay+2 Stlth+}

@: glowing, very quick
A: very small, unfitting armour, thin skeletal structure 1, see invisible,
blink, deformed body, [deterioration 2], dopey 2, herbivore 3, speed 3, magic
resistance 1, slow metabolism 2, no potion heal 1
0: Orb of Zot
}: 15/15 runes: serpentine, barnacled, slimy, silver, golden, iron, obsidian,
icy, bone, abyssal, demonic, glowing, magical, fiery, dark
a: Blink, Divine Shield, Cleansing Flame, Summon Divine Warrior, Renounce
Religion, Evoke Invisibility


You escaped.
You worshipped the Shining One.
The Shining One was exalted by your worship.
You were not hungry.

You visited 18 branches of the dungeon, and saw 89 of its levels.
You visited Pandemonium 5 times, and saw 20 of its levels.
You visited the Abyss 3 times.
You visited 1 bazaar.
You visited 1 ziggurat, and saw 8 of its levels.
You also visited: Ossuary.

You collected 11487 gold pieces.
You spent 6593 gold pieces at shops.
You donated 306 gold pieces to Zin.

Inventory:

Hand Weapons
 a - a +9 eudemon blade of holy wrath (weapon)
 b - a +9 rapier of electrocution
Missiles
 w - 10 throwing nets (quivered)
Armour
 f - the +2 cloak of the Original Sin (worn) {rC+ Regen+ Str+2 Stlth+}
   (You acquired it in the Vestibule of Hell)

   It affects your strength (+2).
   It protects you from cold.
   It increases your rate of regeneration.
   It makes you more stealthy.
 i - a +4 troll leather armour (worn)
 B - the +3 crown of Dyrovepreva (worn) {rElec Int+2 SInv}
   (You found it on level 5 of the Pits of Slime)

   It affects your intelligence (+2).
   It insulates you from electricity.
   It lets you see invisible.
 O - a +3 buckler of fire resistance (worn)
 Q - the +4 cloak of the Unseen Realm {rN+ MR++ Regen+ Stlth-}
   (You acquired it on level 3 of the Tomb of the Ancients)

   It protects you from negative energy.
   It affects your resistance to hostile enchantments.
   It increases your rate of regeneration.
   It makes you less stealthy.
Jewellery
 g - an uncursed ring of resist corrosion
 k - the ring "Bisex" (left hand) {rPois rC+ MP-9 Str+3 Int+9}
   (You bought it in a shop in a bazaar)

   [ring of protection from cold]

   It affects your strength (+3).
   It affects your intelligence (+9).
   It protects you from cold.
   It protects you from poison.
   It affects your magic capacity (-9).
 o - the brooch of Shielding (around neck) {Reflect SH+8}
   (You took it off a deep elf elementalist on level 3 of the Elven Halls)

   [amulet of reflection]

   It shields you and reflects attacks.
   It affects your SH (+8).
 s - the ring "Kuplaohi" {+Fly Str+4 Int+3}
   (You found it on level 3 of the Tomb of the Ancients)

   [ring of flight]

   It affects your strength (+4).
   It affects your intelligence (+3).
   It lets you fly.
 z - a ring of the Octopus King {AC+1 EV+1 Str+1 Int+1 Dex+1 Stlth+}
   (You took it off a deep elf sorcerer on level 3 of the Elven Halls)

   [ring of stealth]

   It affects your AC (+1).
   It affects your evasion (+1).
   It affects your strength (+1).
   It affects your intelligence (+1).
   It affects your dexterity (+1).
   It makes you more stealthy.
 W - the ring of the Madman (right hand) {Fire +Inv Slay+2 Stlth+}
   (You found it on level 5 of the Pits of Slime)

   [ring of fire]

   It enhances your fire magic.
   It affects your accuracy and damage with ranged weapons and melee attacks
   (+2).
   It protects you from fire.
   It makes you vulnerable to cold.
   It lets you turn invisible.
   It makes you more stealthy.
 Z - the ring of the Blind Eye {Str+7 Stlth+}
   (You found it in Pandemonium)

   [ring of stealth]

   It affects your strength (+7).
   It makes you more stealthy.
Wands
 H - a wand of paralysis (48)
 L - a wand of digging (9)
 X - a wand of acid (9)
 Y - a wand of iceblast (21)
Scrolls
 h - 31 scrolls of remove curse
 j - 17 scrolls of fog
 y - 7 scrolls of blinking
 C - 5 scrolls of vulnerability
 D - 12 scrolls of teleportation
 G - 11 scrolls of identify
 I - a scroll of summoning
 K - 8 scrolls of immolation
 P - a scroll of magic mapping
 R - 2 scrolls of holy word
 S - 6 scrolls of fear
Potions
 d - 7 potions of ambrosia
 e - 2 potions of agility
 n - 15 potions of curing
 p - 9 potions of flight
 r - 4 potions of heal wounds
 u - 6 potions of magic
 x - 15 potions of brilliance
 U - 4 potions of berserk rage
Miscellaneous
 l - 6 sacks of spiders
 m - a phial of floods
 q - a lamp of fire
 t - a figurine of a ziggurat
 J - 8 boxes of beasts
 N - a fan of gales
 T - 7 phantom mirrors
Comestibles
 c - 14 bread rations


   Skills:
 - Level 21.2 Fighting
 - Level 18.7(20.2) Short Blades
 - Level 11.3(14.5) Long Blades
 - Level 4.4 Armour
 - Level 25.0 Dodging
 - Level 20.7 Stealth
 - Level 8.1 Shields
 - Level 19.6 Spellcasting
 - Level 4.1 Conjurations
 - Level 16.3 Hexes
 - Level 5.0 Summonings
 - Level 21.2 Translocations
 - Level 13.2 Transmutations
 - Level 5.0 Ice Magic
 - Level 12.1 Earth Magic
 + Level 26.3 Invocations
 O Level 27 Evocations


You had 5 spell levels left.
You knew the following spells:

 Your Spells              Type           Power        Failure   Level  Hunger
a - Blink                 Tloc           N/A          0%          2    None
b - Passage of Golubria   Tloc           N/A          0%          4    None
c - Confuse               Hex            #######.     0%          3    None
d - Apportation           Tloc           ######       0%          1    None
e - Dazzling Spray        Conj/Hex       ######       1%          3    None
f - Statue Form           Tmut/Erth      ######...    1%          6    ###....
g - Ozocubu's Armour      Chrm/Ice       ####....     2%          3    None
h - Summon Lightning Spi  Summ/Air       ####....     9%          4    None
i - Lesser Beckoning      Tloc           #######...   0%          3    None
j - Tukima's Dance        Hex            #######.     0%          3    None
k - Summon Mana Viper     Hex/Summ       ######..     1%          5    None
l - Irradiate             Conj/Tmut      ######....   1%          5    None
m - Passwall              Tmut/Erth      ######....   1%          2    None
n - Lee's Rapid Deconstr  Erth           ######....   1%          5    None
o - Controlled Blink      Tloc           N/A          3%          8    ######.
z - Spectral Weapon       Hex/Chrm       ######..     1%          3    None


Dungeon Overview and Level Annotations

Branches:
Dungeon (15/15)            Temple (1/1) D:4            Lair (6/6) D:11
 Shoals (4/4) Lair:3        Snake (4/4) Lair:4        Slime (5/5) Lair:6
    Orc (2/2) D:11            Elf (3/3) Orc:2        Vaults (5/5) D:13
  Crypt (3/3) Vaults:2       Tomb (3/3) Crypt:3      Depths (5/5) D:15
   Hell (1/1)                 Dis (7/7) Hell            Geh (7/7) Hell
    Coc (7/7) Hell            Tar (7/7) Hell            Zot (5/5) Depths:5

Altars:
Cheibriados
Dithmenos
Elyvilon
Fedhas
Hepliaklqana
Kikubaaqudgha
Makhleb
Nemelex Xobeh
Okawaru
Qazlal
Ru
Sif Muna
Trog
Uskayaw
Vehumet
Wu Jian
Xom
Yredelemnul
Zin
The Shining One
Beogh
Jiyva

Shops:
D:8 %[[:(   D:9 %   D:12 :   Orc:2 (*[   Elf:1 *   Vaults:1 :   Vaults:3 [
Vaults:4 }   Vaults:5 !   Depths:1 }*   Depths:5 (*}%

Portals:
Hell: Depths:1 Depths:2 Depths:3 Depths:4 Depths:5
Abyss: Depths:2 Depths:4
Pandemonium: Depths:3

Annotations:
D:11 exclusion: upstairs
Elf:2 5 runed doors, Asterion
Tomb:3 Mara


Innate Abilities, Weirdness & Mutations

You are very small and have problems with some larger weapons.
You are too small for most types of armour.
You have supernaturally acute eyesight. (SInv)
You are a herbivore.
You cover ground extremely quickly.
You need consume almost no food.
You have a somewhat thin skeletal structure. (Dex +2, Stealth)
You can translocate small distances at will.
Armour fits poorly on your strangely shaped body.
You are very dopey. (Int -4)
You are resistant to hostile enchantments. (MR+)
Potions are less effective at restoring your health.
[Your body often deteriorates upon taking damage.]


Message History

There is a stone staircase leading up here.
You climb upwards.
There is a stone staircase leading down here.
There is an open door here.
There is an open door here.
A hellwing comes into view.
Casting: Passwall
Confirm with . or Enter, or press ? or * to list all spells.
Which direction?
You begin to meditate on the wall.
You continue meditating on the rock. x4
You finish merging with the rock.
Unknown command.
Unknown command.
A smoke demon comes into view.
There is a stone staircase leading up here.
The smoke demon roars!
You climb upwards.
There is a stone staircase leading down here.
There is a staircase leading out of the dungeon here.
You have escaped!

..#.......###..######## #.....
'#####'#####≈≈≈.≈≈≈≈≈≈## #.....
........###≈≈≈≈≈.≈≈≈≈≈≈## ##.....
####....##≈≈≈≈≈≈≈.≈≈≈≈≈≈#........
#....#≈≈≈8≈≈≈≈≈.≈≈8≈≈≈.#######
#....#≈≈≈≈≈≈≈≈≈≈.≈≈≈≈≈.#
#....#≈≈≈≈≈≈≈≈≈≈≈.≈≈≈≈.#
#....#≈≈≈≈≈≈≈≈≈≈.≈≈≈≈≈##
#....#≈≈≈≈≈≈≈@..≈≈≈≈≈≈#
#....#≈≈≈≈≈≈..>≈≈≈≈≈≈≈#
#.....≈≈≈≈≈.≈≈≈≈≈≈≈≈≈≈#
#.....≈≈≈≈.≈≈≈≈≈≈≈≈≈≈≈#
#....#≈≈≈≈≈.≈≈≈≈≈≈≈≈≈≈#
######≈≈≈8≈≈.≈≈≈≈≈8≈≈≈#
≈≈≈≈≈≈≈.≈≈≈≈≈≈≈##
#≈≈≈≈≈≈≈.≈≈≈≈≈≈# #≈≈≈≈≈≈≈.≈≈≈≈..


There were no monsters in sight!

Vanquished Creatures
  Cerebov (Pan)
  Antaeus (Coc:7)
  Asmodeus (Geh:7)
  the Royal Jelly (Slime:5)
  Gloorx Vloq (Pan)
  Ereshkigal (Tar:7)
  Lom Lobon (Pan)
  the Serpent of Hell (Tar:7)
  Mnoleg (Pan)
  The ghost of tidbits the Gnoll Aeon, a legendary GnEE of Cheibriados (Tar:7)
  Dispater (Dis:7)
  Khufu (Tomb:2)
  4 orbs of fire (Zot:5)
  The ghost of toffzen the Axe Maniac, a legendary MiFi of the Shining One (Tomb:3)
  A juggernaut (Depths:2)
  5 ancient liches
  31 greater mummies
  Sojobo (Vaults:3)
  Boris (Crypt:3)
  6 shard shrikes
  A caustic shrike (Depths:2)
  Saint Roka (Elf:2)
  A curse toe (Zot:5)
  Geryon (Hell)
  2 Killer Klowns (Zot:5)
  3 golden dragons
  Jory (Tomb:1)
  6 bone dragons
  11 Tzitzimimeh
  4 iron giants (Dis:7)
  11 Brimstone Fiends
  13 tentacled monstrosities
  3 doom hounds
  2 electric golems (Zot:5)
  2 pandemonium lords (Pan)
  Rupert (D:15)
  5 titans
  2 deep elf blademasters (Elf:3)
  6 Hell Sentinels (Dis:7)
  17 Orb Guardians (Zot:5)
  21 Ice Fiends
  8 quicksilver dragons
  14 liches
  A deep elf master archer (Elf:3)
  A tentacled starspawn (Abyss:1)
  12 sphinxes
  Frances (Shoals:1)
  24 acid blobs
  The ghost of tidbits the Martial Artist, an adept GnTm of Cheibriados (Slime:5)
  Gastronok (D:10)
  4 death cobs
  Polyphemus (Shoals:4)
  18 ancient champions
  11 Executioners
  A sphinx (shapeshifter) (Vaults:5)
  A draconian monk (Depths:5)
  Donald (Vaults:4)
  9 azure jellies
  16 shadow dragons
  7 storm dragons
  3 revenants
  9 nagarajas
  9 frost giants
  Ilsuiw (Shoals:4)
  11 tengu reavers
  11 vault wardens
  5 blood saints
  A warmonger (Pan)
  2 orc warlords
  23 balrugs
  15 fire giants
  3 deep elf elementalists
  Aizul (Vaults:3)
  A spriggan defender (Depths:4)
  8 iron dragons
  5 ghouls
  3 draconian shifters
  3 curse skulls
  Louise (Snake:1)
  7 cacodemons
  6 angels (Pan)
  7 ironheart preservers
  A draconian stormcaller (Zot:5)
  9 deep elf sorcerers
  15 war gargoyles
  34 very ugly things
  A draconian annihilator (Zot:5)
  43 reapers
  29 stone giants
  An ophan (Pan)
  16 bennus
  5 red draconians
  6 dire elephants (Lair:6)
  8 deep elf annihilators
  9 vampire knights
  13 deep elf demonologists
  3 black suns (Pan)
  15 lorocyprocas
  3 green draconians
  Azrael (Orc:2)
  3 black draconians
  A purple draconian (Zot:5)
  3 yellow draconians (Zot:5)
  10 spark wasps
  2 white draconians (Depths:5)
  12 ettins
  13 blizzard demons
  Snorg (Orc:1)
  A crystal guardian (Vaults:3)
  29 mummy priests
  16 fire dragons
  8 green deaths
  2 eidola (Crypt:2)
  6 death oozes (Slime:5)
  7 merfolk javelineers
  12 deep elf death magi
  5 jiangshi
  3 quicksilver dragon zombies
  6 merfolk impalers
  14 yaktaur captains
  29 vault guards
  2 hell beasts
  5 deep elf high priests
  13 great orbs of eyes
  Erolcha (Orc:2)
  4 rakshasas
  A monstrous demonspawn (Pan)
  3 quicksilver dragon skeletons
  19 naga warriors
  17 anacondas
  26 ice dragons
  An ice dragon (shapeshifter) (Vaults:5)
  2 merfolk avatars (Shoals:4)
  5 hydras
  5 spriggan air magi
  2 catoblepae
  4 merfolk aquamancers
  A ghost crab (Zig:6)
  6 death knights
  13 centaur warriors
  An anaconda (shapeshifter) (Depths:3)
  22 two-headed ogres
  32 dancing weapons
  6 satyrs
  13 deep troll shamans
  14 death yaks
  47 death scarabs
  3 alligator snapping turtles
  16 deep troll earth magi
  An alligator (Zig:6)
  12 tengu warriors
  3 titan zombies
  9 hell hogs
  6 ogre magi
  9 vampire magi
  4 orc high priests (Orc:2)
  7 spriggan berserkers
  9 shock serpents
  19 naga sharpshooters
  A shock serpent (shapeshifter) (Depths:2)
  5 titan skeletons
  36 sun demons
  2 storm dragon zombies
  12 hell knights
  6 iron golems
  2 wretched stars
  22 deep elf knights
  14 shadow wraiths
  32 soul eaters
  15 sixfirhies (Pan)
  5 salamander mystics
  105 skeletal warriors
  13 iron trolls
  A spark wasp zombie (Crypt:1)
  9 anaconda zombies
  8 sea snakes
  2 unseen horrors
  A ghost moth zombie (Geh:7)
  A golden dragon zombie (Geh:4)
  A swamp dragon (shapeshifter) (Depths:2)
  A death drake (Tar:7)
  An orange crystal statue (Elf:2)
  4 storm dragon skeletons
  14 shadow demons
  2 deep trolls (shapeshifter)
  A gelid demonspawn (Pan)
  4 glowing orange brains
  5 torturous demonspawn (Pan)
  37 deep trolls
  9 naga ritualists
  An obsidian statue (Zot:5)
  20 deep elf archers
  3 anaconda skeletons
  3 swamp dragons (Zig:6)
  14 flayed ghosts
  4 infernal demonspawn (Pan)
  21 orc knights
  13 ironbrand convokers
  2 sphinx zombies
  12 wizards
  6 shadow dragon zombies
  18 phantasmal warriors
  A golden dragon skeleton (Coc:1)
  45 harpies
  18 necromancers
  4 wolf spider zombies
  An iron dragon zombie (Tar:7)
  66 deep elf magi
  5 fire giant zombies
  12 orc sorcerers
  13 mana vipers
  18 cyclopes
  2 oklob plants (Lair:2)
  6 stone giant zombies
  57 ugly things
  3 wolf spiders
  A human skeleton (Vaults:5)
  A shining eye (Slime:3)
  A sphinx skeleton (Depths:2)
  A worldbinder (Abyss:4)
  7 manticores
  7 frost giant zombies
  9 frost giant skeletons
  16 elephants
  3 moths of wrath
  2 shadow dragon skeletons
  A moth of wrath (shapeshifter) (Elf:2)
  15 salamanders
  3 stone giant skeletons
  2 fire giant skeletons
  3 water nymphs
  A shock serpent zombie (Geh:6)
  15 fauns
  41 black mambas
  An apocalypse crab (Abyss:3)
  10 vault sentinels
  4 iron dragon skeletons
  Maurice (D:10)
  18 naga magi
  5 molten gargoyles
  An eye of devastation (shapeshifter) (Vaults:5)
  2 dire elephant zombies
  12 merfolk sirens
  13 smoke demons
  An eye of devastation (Slime:3)
  20 rust devils
  14 guardian serpents
  2 ice statues (Hell)
  2 gargoyles
  10 spiny frogs
  5 emperor scorpion zombies
  11 orange demons
  A spiny frog (shapeshifter) (Vaults:4)
  2 elf zombies
  4 dire elephant skeletons
  A grey draconian zombie (Crypt:3)
  22 hellions
  4 rime drakes
  5 human zombies
  A yaktaur zombie (Vaults:1)
  A catoblepas zombie (Crypt:1)
  An alligator snapping turtle skeleton (Crypt:3)
  An anaconda simulacrum (Coc:1)
  A yaktaur skeleton (Vaults:4)
  7 demonic crawlers (Pan)
  9 efreet
  5 tengu conjurers
  18 ice devils
  19 tormentors
  13 freezing wraiths
  8 komodo dragons
  78 yaktaurs
  14 hellwings (Pan)
  47 guardian mummies
  A death yak skeleton (Crypt:1)
  11 red devils
  32 merfolk
  A troll (shapeshifter) (Elf:3)
  6 hydra zombies
  3 wind drakes
  11 polar bears
  7 harpy zombies
  11 trolls
  A polar bear (shapeshifter) (Vaults:1)
  A tengu simulacrum (Vaults:5)
  3 meliai (D:15)
  A queen bee (D:8)
  A wolf spider simulacrum (Crypt:1)
  2 harpy skeletons
  2 blink frogs (shapeshifter)
  9 hornets
  77 slime creatures
  5 hydra skeletons
  3 silent spectres
  7 dream sheep
  A dream sheep (shapeshifter) (Vaults:5)
  12 large abominations
  5 alligator zombies
  12 blink frogs
  7 snapping turtles
  A fire giant simulacrum (Vaults:1)
  3 ettin zombies
  20 hippogriffs
  A redback (Orc:1)
  9 alligator skeletons
  An ice dragon zombie (Tar:7)
  6 human simulacra
  15 shadows
  17 wyverns
  A satyr skeleton (Crypt:1)
  4 spriggans
  5 ice dragon skeletons
  27 water elementals
  3 fire dragon zombies
  58 flying skulls
  A spriggan (shapeshifter) (Vaults:1)
  3 fire dragon skeletons
  5 small abominations
  3 ettin skeletons
  9 air elementals
  A dire elephant simulacrum (Tomb:2)
  11 ynoxinuls (Pan)
  4 black mamba skeletons
  3 fire bats (Geh:1)
  Eustachio (D:5)
  21 fire elementals
  A golden eye (D:10)
  10 ushabtiu
  4 hungry ghosts
  9 basilisks
  6 vampire mosquitoes
  8 neqoxecs
  19 yaks
  17 wraiths
  A yaktaur simulacrum (Vaults:5)
  A steam dragon (D:11)
  3 chaos spawn (Pan)
  64 nagas
  2 merfolk zombies
  A deep troll skeleton (Crypt:2)
  4 spiny frog zombies
  14 wargs
  9 water moccasins
  3 acid dragons
  8 porcupines
  A floating eye (shapeshifter) (Depths:5)
  A floating eye (Depths:5)
  37 hell hounds
  2 swamp drakes (Zig:6)
  A merfolk skeleton (Crypt:1)
  72 orc warriors
  A sky beast (D:11)
  7 eyes of draining
  20 black bears
  10 necrophages
  2 swamp dragon zombies
  4 ice beasts
  3 phantoms
  47 ogres
  4 spiny frog skeletons
  3 boggarts (D:14)
  A lindwurm zombie (Crypt:2)
  6 snapping turtle zombies
  A manticore skeleton (Coc:7)
  A manticore zombie (Tar:7)
  17 wolves
  2 elf skeletons
  A hog zombie (Crypt:2)
  3 snapping turtle skeletons
  10 crocodiles
  25 centaurs
  2 dream sheep skeletons
  A rime drake skeleton (Crypt:2)
  3 big kobolds
  A swamp dragon skeleton (Dis:7)
  18 bullfrogs
  A spiny frog simulacrum (Coc:7)
  4 earth elementals
  A wyvern zombie (D:7)
  A polar bear zombie (Crypt:1)
  2 scorpions
  32 wights
  19 killer bees
  A killer bee (shapeshifter) (Vaults:5)
  A snapping turtle simulacrum (Crypt:3)
  A howler monkey (shapeshifter) (Depths:4)
  A polar bear skeleton (Crypt:2)
  2 spriggan skeletons (Pan)
  2 jellies
  14 crimson imps
  A bullfrog zombie (D:8)
  5 starcursed masses
  A centaur zombie (Tar:7)
  A quasit (D:5)
  7 hounds
  2 bullfrog skeletons
  A hound (shapeshifter) (Depths:2)
  2 centaur skeletons
  30 orc priests
  20 iron imps
  26 orc wizards
  5 iguanas
  11 worker ants
  A porcupine skeleton (Crypt:3)
  An ogre zombie (Dis:6)
  5 big kobold zombies (Ossuary)
  A centaur simulacrum (Tar:2)
  A deep dwarf skeleton (Crypt:3)
  A tengu zombie (Coc:1)
  An ogre skeleton (Crypt:3)
  66 mummies
  3 worker ant zombies
  4 gnolls (Orc:1)
  8 adders
  A river rat (D:4)
  10 shadow imps
  A steam dragon skeleton (Crypt:2)
  10 white imps
  An ooze (D:5)
  5 worms
  2 ball lightnings (Pan)
  2 dart slugs
  4 leopard geckos
  145 orcs
  5 giant cockroaches
  14 hobgoblins
  A jackal (shapeshifter) (Vaults:2)
  10 jackals
  3 quokkas
  3 ball pythons
  8 bats
  2 bat simulacra (Ossuary)
  2 frilled lizards (D:2)
  5 gnoll zombies (Ossuary)
  6 goblins
  2 goblin simulacra (Ossuary)
  A goblin skeleton (Crypt:2)
  7 goblin zombies (Ossuary)
  A hobgoblin zombie (Ossuary)
  24 kobolds
  2 kobold simulacra (Ossuary)
  A kobold skeleton (Crypt:3)
  5 kobold zombies (Ossuary)
  A leopard gecko skeleton (D:5)
  A leopard gecko zombie (D:7)
  3 orc zombies (Ossuary)
  A quokka skeleton (D:2)
  5 rats
  2 rat simulacra (Ossuary)
  A block of ice (Pan)
  A crawling corpse (Elf:1)
  2 fire vortices (Pan)
  A fungus (Lair:6)
  5 plants
  A spectral weapon (Depths:1)
  A starspawn tentacle (Abyss:1)
4013 creatures vanquished.

Vanquished Creatures (collateral kills)
  An orb of fire (Zot:5)
  Mennas (Pan)
  An ancient lich (Crypt:3)
  A greater mummy (Tomb:2)
  Nikola (Elf:1)
  An Orb Guardian (Zot:5)
  A shadow dragon (Zot:3)
  Agnes (D:14)
  A draconian monk (Zot:5)
  A draconian knight (Zot:5)
  An iron dragon (Dis:7)
  A draconian shifter (Zot:3)
  A war gargoyle (Dis:7)
  A spriggan defender (Depths:4)
  A deep elf demonologist (Elf:1)
  A red draconian (Zot:5)
  A blizzard demon (Pan)
  A death ooze (Slime:5)
  A great orb of eyes (Depths:4)
  A dancing weapon (Elf:1)
  A merfolk aquamancer (Shoals:4)
  2 death yaks (Lair:6)
  The ghost of KristoblXynda the Destroyer, a journeyman DECj of Vehumet (D:11)
  2 soul eaters (Tar:7)
  2 sixfirhies (Pan)
  A shadow wraith (Tar:7)
  A deep elf knight (Elf:2)
  A salamander mystic (Zig:7)
  3 skeletal warriors (Crypt:3)
  A sea snake (Shoals:2)
  A glowing orange brain (Slime:5)
  A harpy (Shoals:4)
  3 deep elf magi (Elf:1)
  6 fauns
  A shining eye (Slime:4)
  4 elephants (Lair:6)
  3 moths of wrath
  2 merfolk sirens
  A guardian serpent (shapeshifter) (Depths:2)
  A large abomination (Pan)
  A red draconian skeleton (Crypt:3)
  A guardian mummy (Tomb:3)
  2 merfolk (Shoals:3)
  2 slime creatures (Slime:3)
  3 hippogriffs (Lair:5)
  A fire dragon skeleton (Pan)
  A yak (Lair:6)
  2 wyverns (Lair:5)
  2 water elementals (Shoals:2)
  5 basilisks
  2 neqoxecs (Pan)
  2 hell hounds
  An orc warrior (D:11)
  An eye of draining (Slime:4)
  A phantom (D:8)
  A crocodile (Lair:6)
  A bullfrog (D:8)
  4 killer bees (D:8)
  An orc priest (D:11)
  An orc wizard (D:11)
  A ball lightning (Pan)
94 creatures vanquished.

Vanquished Creatures (others)
  A deep elf master archer (Elf:3)
  4 eldritch tentacles
  2 fire giants
  A very ugly thing (Vaults:5)
  An elemental wellspring (Coc:7)
  2 stone giants
  A yellow draconian (Zot:4)
  A spriggan air mage (Depths:3)
  A merfolk aquamancer (Shoals:4)
  21 death scarabs (Tomb:2)
  A deep elf knight (Zig:3)
  2 wizards (Depths:4)
  An orc knight (Vaults:2)
  A deep elf mage (Vaults:4)
  A faun (Shoals:3)
  2 smoke demons (Pan)
  2 yaktaurs
  A tengu conjurer (Depths:5)
  14 flying skulls
  A wraith (Zig:5)
  A chaos spawn (Pan)
  A neqoxec (Pan)
  A floating eye (Pan)
  A spriggan skeleton (Tomb:2)
  An iron imp (Dis:7)
  2 orc priests
  2 orc wizards
  A lightning spire (Zig:6)
  2 mummies (Tomb:2)
  10 ball lightnings
  4 orcs
  2 gnoll zombies (Ossuary)
  A hobgoblin zombie (Ossuary)
  An orc zombie (Ossuary)
  A bush (Lair:6)
  A crawling corpse (Elf:1)
  A fire vortex (Pan)
  5 fulminant prisms
  12 fungi
  42 plants
  93 spectral weapons
  2 starspawn tentacles (Abyss:1)
  6 tentacles (Coc:5)
254 creatures vanquished.

Grand Total: 4361 creatures vanquished

Notes
Turn   | Place    | Note
-------+----------+-------------------------------------------
     0 | D:1      | Sphara the Spriggan Monk began the quest for the Orb.
     0 | D:1      | Reached XP level 1. HP: 11/11 MP: 2/2
   301 | D:1      | Reached XP level 2. HP: 13/16 MP: 3/3
   915 | D:2      | Reached XP level 3. HP: 19/19 MP: 4/4
  1047 | D:2      | Found an ancient bone altar of Kikubaaqudgha.
  1726 | D:2      | Reached skill level 5 in Stealth
  2346 | D:3      | Found a blossoming altar of Fedhas.
  2680 | D:3      | Reached XP level 4. HP: 23/23 MP: 5/5
  2943 | D:4      | Found a bloodstained altar of Trog.
  2949 | D:4      | Became a worshipper of Trog the Wrathful
  2949 | D:4      | Reached * piety under Trog
  2949 | D:4      | Reached ** piety under Trog
  3462 | D:4      | Noticed an ogre
  3469 | D:4      | Killed an ogre
  3469 | D:4      | Reached XP level 5. HP: 29/29 MP: 6/6
  3487 | D:4      | Noticed a phantom
  3636 | D:4      | Reached XP level 6. HP: 34/34 MP: 7/7
  4058 | D:4      | Found a staircase to the Ecumenical Temple.
  4176 | D:4      | Reached skill level 5 in Fighting
  4545 | D:5      | Entered Level 5 of the Dungeon
  4583 | D:5      | Noticed an ice beast
  4907 | D:5      | Noticed an ice beast
  4922 | D:5      | Killed an ice beast
  4922 | D:5      | Reached XP level 7. HP: 39/39 MP: 8/8
  5094 | D:5      | Noticed Eustachio
  5198 | D:5      | Killed Eustachio
  5673 | D:5      | Reached skill level 5 in Short Blades
  5816 | D:5      | Found a basalt altar of Yredelemnul.
  5945 | D:5      | Reached XP level 8. HP: 46/46 MP: 9/9
  6309 | D:6      | Found a sand-covered staircase.
  6338 | Ossuary  | Entered an ossuary
  6348 | Ossuary  | Reached *** piety under Trog
  6435 | Ossuary  | Received a gift from Trog
  7915 | D:7      | Reached skill level 5 in Dodging
  8174 | D:7      | Reached skill level 1 in Evocations
  8179 | D:7      | Reached skill level 2 in Evocations
  8288 | D:7      | Reached skill level 3 in Evocations
  8307 | D:7      | Reached skill level 4 in Evocations
  8449 | D:7      | Reached XP level 9. HP: 50/50 MP: 13/13
  8550 | D:7      | Reached skill level 5 in Evocations
  8620 | D:7      | Reached **** piety under Trog
  8941 | D:8      | Found Lyqacane's Antique Armour Shoppe.
  8945 | D:8      | Bought a cloak for 126 gold pieces
  9002 | D:8      | Reached skill level 6 in Evocations
  9092 | D:8      | Found a shimmering altar of Xom.
  9192 | D:8      | Found Imecwaow's Antique Armour Shoppe.
  9228 | D:8      | Found Donakefra's Food Emporium.
  9256 | D:8      | Found a burning altar of Makhleb.
  9529 | D:8      | Found Ediniott's Book Boutique.
  9618 | D:8      | Found a sacrificial altar of Ru.
  9688 | D:8      | Reached skill level 7 in Evocations
  9753 | D:8      | Noticed a queen bee
 10124 | D:8      | Found a sacrificial altar of Ru.
 10130 | D:8      | Reached skill level 8 in Evocations
 10155 | D:8      | Killed a queen bee
 10410 | D:8      | Found Qeigak's Antique Weapon Shop.
 10413 | D:8      | Bought a runed rapier for 217 gold pieces
 10575 | D:8      | Reached skill level 9 in Evocations
 10788 | D:9      | Found a snail-covered altar of Cheibriados.
 10974 | D:9      | Reached XP level 10. HP: 41/57 MP: 18/18
 11040 | D:9      | Found a sparkling altar of Nemelex Xobeh.
 11171 | D:9      | Reached skill level 10 in Evocations
 11453 | D:9      | Found Rieblear's Food Emporium.
 11501 | D:9      | Reached ***** piety under Trog
 11638 | D:10     | Entered Level 10 of the Dungeon
 11786 | D:10     | Noticed Gastronok
 11799 | D:10     | Killed Gastronok
 12254 | D:10     | Noticed Maurice
 12304 | D:11     | Noticed an elephant
 12369 | D:11     | Killed an elephant
 12429 | D:11     | Noticed a red ugly thing
 12446 | D:11     | Killed a red ugly thing
 12446 | D:11     | Reached skill level 10 in Fighting
 12446 | D:11     | Reached skill level 10 in Dodging
 12501 | D:11     | Noticed KristoblXynda's ghost (journeyman DECj)
 12504 | D:11     | Found a staircase to the Orcish Mines.
 12952 | D:11     | Reached XP level 11. HP: 26/63 MP: 19/19
 13846 | D:11     | Noticed a deep elf knight
 13875 | D:11     | Killed a deep elf knight
 14569 | D:11     | Noticed an orc warlord
 14573 | D:11     | Found an iron altar of Okawaru.
 14579 | D:11     | Killed an orc warlord
 14691 | Orc:1    | Entered Level 1 of the Orcish Mines
 14691 | Orc:1    | Noticed Snorg
 14700 | Orc:1    | Killed Snorg
 14877 | D:11     | Killed KristoblXynda's ghost
 14895 | D:11     | Found a staircase to the Lair.
 14909 | D:11     | Upgraded the game from 0.21-a0-536-gdbbf329 to 0.21-a0-538-gd16b88a
 15134 | D:9      | Noticed a two-headed ogre
 15156 | D:9      | Killed a two-headed ogre
 15458 | D:10     | Noticed Sonja
 15459 | D:10     | Noticed Sonja
 15459 | D:10     | Sonja changed into Sonja the golden eye
 15475 | D:10     | Killed Sonja the golden eye
 15762 | D:10     | Killed Maurice
 16228 | D:11     | Reached skill level 1 in Armour
 16442 | Lair:1   | Entered Level 1 of the Lair of Beasts
 16825 | Lair:1   | Reached XP level 12. HP: 70/70 MP: 20/20
 17586 | Lair:2   | Reached skill level 5 in Shields
 19146 | Lair:3   | Got a fine leather armour
 19404 | Lair:3   | Found a staircase to the Shoals.
 19501 | Lair:4   | Reached skill level 10 in Stealth
 20411 | Lair:4   | Found a staircase to the Snake Pit.
 21050 | Lair:5   | Noticed a catoblepas
 21093 | Lair:5   | Killed a catoblepas
 21093 | Lair:5   | Reached XP level 13. HP: 61/74 MP: 21/21
 22125 | Lair:5   | Received a gift from Trog
 22337 | Lair:6   | Entered Level 6 of the Lair of Beasts
 22412 | Lair:6   | Found a staircase to the Slime Pits.
 23826 | Lair:5   | Received a gift from Trog
 24820 | Lair:6   | Reached skill level 10 in Short Blades
 25201 | Lair:6   | Reached XP level 14. HP: 51/79 MP: 22/22
 25207 | Lair:6   | Reached skill level 15 in Dodging
 27454 | D:12     | Found Sewesor's Book Shoppe.
 27506 | D:13     | Identified a scroll of acquirement
 28150 | D:14     | Noticed Agnes
 28155 | D:14     | Killed Agnes
 28348 | Orc:1    | Received a gift from Trog
 28678 | Orc:2    | Entered Level 2 of the Orcish Mines
 29031 | Orc:2    | Noticed Azrael
 29040 | Orc:2    | Killed Azrael
 30032 | Orc:2    | Received a gift from Trog
 30249 | Orc:2    | Found a roughly hewn altar of Beogh.
 30493 | Orc:2    | Reached XP level 15. HP: 84/84 MP: 23/23
 30522 | Orc:2    | Found Inyrphag's Distillery.
 30533 | Orc:2    | Found Mofie's Armour Shoppe.
 30702 | Orc:2    | Noticed Erolcha
 30726 | Orc:2    | Killed Erolcha
 30780 | Orc:2    | Noticed an orc warlord
 30843 | Orc:2    | Killed an orc warlord
 31535 | Orc:2    | Found a roughly hewn altar of Beogh.
 31586 | Orc:2    | Found Joelyij's Weapon Shoppe.
 31792 | Orc:2    | Found Osiesap's General Store.
 31829 | Orc:2    | Bought a scroll of teleportation for 42 gold pieces
 31829 | Orc:2    | Bought a sack of spiders for 280 gold pieces
 31829 | Orc:2    | Bought a scroll of identify for 28 gold pieces
 31829 | Orc:2    | Bought a bread ration for 70 gold pieces
 32549 | D:14     | Received a gift from Trog
 32565 | D:14     | Got a bloodstained short sword {god gift}
 32597 | D:14     | Found a white marble altar of Elyvilon.
 33403 | D:15     | Entered Level 15 of the Dungeon
 34490 | D:15     | Found a staircase to the Depths.
 34611 | D:15     | Received a gift from Trog
 34706 | D:15     | Identified the +5 short sword of Fatigue {pierce, MR+ Str-5 Dex+4} (Trog gifted it to you on level 14 of the Dungeon)
 35199 | D:15     | Noticed Rupert
 35228 | D:15     | Killed Rupert
 36127 | Orc:2    | Found a staircase to the Elven Halls.
 36229 | Elf:1    | Entered Level 1 of the Elven Halls
 36239 | Elf:1    | Reached XP level 16. HP: 91/91 MP: 21/25
 36262 | Elf:1    | Found Kiula Qod's Assorted Antiques.
 36369 | Elf:1    | Bought a scroll of immolation for 133 gold pieces
 36369 | Elf:1    | Bought a wand of iceblast (14) for 152 gold pieces
 36369 | Elf:1    | Bought a scroll of enchant weapon for 285 gold pieces
 36550 | Elf:1    | Reached skill level 11 in Evocations
 36554 | Elf:1    | Reached skill level 15 in Stealth
 36679 | Elf:1    | Identified Puutemm's Almanac of Summoning
 37218 | Elf:1    | Found the +8 demon blade "Bloodbane" {slice, *Rage +Rage Stlth-}
 37482 | Elf:1    | Noticed Nikola
 37496 | Elf:1    | Killed Nikola
 37701 | Elf:1    | Reached skill level 12 in Evocations
 38006 | Elf:1    | Found a radiant altar of Vehumet.
 38443 | Elf:2    | Reached ****** piety under Trog
 38457 | Elf:2    | Received a gift from Trog
 38986 | Elf:2    | Found a huge runed gate.
 38986 | Elf:2    | Found a huge runed gate.
 38986 | Elf:2    | Found a huge runed gate.
 38986 | Elf:2    | Found a huge runed gate.
 39003 | Elf:2    | Found a huge runed gate.
 39009 | Elf:2    | Reached skill level 13 in Evocations
 39268 | Elf:2    | Noticed Saint Roka
 39632 | Elf:2    | Killed Saint Roka
 39784 | Elf:3    | Entered Level 3 of the Elven Halls
 40136 | Elf:3    | Reached XP level 17. HP: 97/97 MP: 28/28
 40538 | Elf:3    | Received a gift from Trog
 40544 | Elf:3    | Reached skill level 14 in Evocations
 40573 | Elf:3    | Got a polished short sword {god gift}
 40574 | Elf:3    | Identified the +1 short sword "Zatyo" {flame, *Drain rElec rPois} (Trog gifted it to you on level 3 of the Elven Halls)
 41035 | Shoals:1 | Entered Level 1 of the Shoals
 41149 | Shoals:1 | Noticed Frances
 41155 | Shoals:1 | Killed Frances
 42399 | Shoals:2 | Received a gift from Trog
 42896 | Shoals:3 | Reached skill level 15 in Fighting
 43392 | Shoals:4 | Entered Level 4 of the Shoals
 43463 | Shoals:4 | Reached XP level 18. HP: 102/104 MP: 29/29
 43563 | Shoals:4 | Got a crystal double sword
 43838 | Shoals:4 | Noticed Polyphemus
 43860 | Shoals:4 | Killed Polyphemus
 43867 | Shoals:4 | Received a gift from Trog
 43882 | Shoals:4 | Got a barnacled rune of Zot
 44223 | Shoals:4 | Noticed Ilsuiw
 44388 | Shoals:4 | Killed Ilsuiw
 45049 | Temple   | Entered the Ecumenical Temple
 45133 | Temple   | Fell from the grace of Trog
 45133 | Temple   | Became a worshipper of Zin the Law-Giver
 45133 | Temple   | Reached * piety under Zin
 45133 | Temple   | Reached ** piety under Zin
 45504 | Elf:1    | Learned a level 2 spell: Blink
 45509 | Elf:1    | Learned a level 4 spell: Passage of Golubria
 45513 | Elf:1    | Learned a level 3 spell: Lesser Beckoning
 45699 | D:12     | Bought a book of Dreams for 900 gold pieces
 45702 | D:12     | Learned a level 2 spell: Ensorcelled Hibernation
 45760 | D:13     | Reached skill level 1 in Spellcasting
 45760 | D:13     | Reached skill level 1 in Translocations
 45797 | D:13     | Found a gate to the Vaults.
 45997 | Vaults:1 | Entered Level 1 of the Vaults
 46126 | Vaults:1 | Reached *** piety under Zin
 46401 | Vaults:1 | Reached skill level 5 in Translocations
 46669 | Vaults:1 | Reached skill level 5 in Spellcasting
 47098 | Vaults:1 | Reached skill level 1 in Hexes
 47156 | Vaults:1 | Found Ferezat's Book Emporium.
 47157 | Vaults:1 | Found a bloodstained altar of Trog.
 47164 | Vaults:1 | Bought Woomuqot's Disquisition on Arcane Weapons for 536 gold pieces
 47168 | Vaults:1 | Learned a level 3 spell: Dazzling Spray
 47173 | Vaults:1 | Learned a level 4 spell: Fulminant Prism
 47228 | Vaults:1 | Paralysed by Trog for 3 turns
 47477 | Vaults:2 | Reached XP level 19. HP: 109/109 MP: 30/30
 47751 | Vaults:1 | Reached **** piety under Zin
 47751 | Vaults:1 | Reached skill level 1 in Conjurations
 48050 | Vaults:2 | Reached skill level 5 in Hexes
 48102 | Vaults:2 | Found a staircase to the Crypt.
 48504 | Vaults:2 | Reached skill level 1 in Invocations
 49524 | Vaults:2 | Reached ***** piety under Zin
 50535 | Vaults:3 | Found Obawkueho's Armour Shoppe.
 50540 | Vaults:3 | Found a radiant altar of Vehumet.
 50803 | Vaults:3 | Noticed Aizul
 51358 | Vaults:3 | Reached skill level 5 in Invocations
 51406 | Vaults:3 | Noticed Sojobo
 51900 | Vaults:3 | Learned a level 3 spell: Ozocubu's Armour
 52057 | Vaults:4 | Reached skill level 1 in Ice Magic
 52724 | Vaults:4 | Noticed Donald
 52732 | Vaults:4 | Killed Donald
 53551 | Vaults:4 | Found Vusucel's Gadget Shop.
 53569 | Vaults:4 | Bought a sack of spiders for 280 gold pieces
 53571 | Vaults:4 | Bought a wand of paralysis (16) for 252 gold pieces
 53933 | Vaults:4 | Reached XP level 20. HP: 102/114 MP: 33/33
 54203 | Vaults:4 | Reached skill level 10 in Hexes
 54694 | Snake:1  | Entered Level 1 of the Snake Pit
 54837 | Snake:1  | Noticed Louise
 54843 | Snake:1  | Killed Louise
 55248 | Snake:1  | Learned a level 4 spell: Summon Lightning Spire
 55838 | Snake:1  | Learned a level 3 spell: Confuse
 55908 | Snake:1  | Was forgiven by Trog
 56029 | Snake:1  | Reached skill level 5 in Ice Magic
 57818 | Snake:3  | Reached skill level 10 in Invocations
 58033 | Snake:3  | Reached ****** piety under Zin
 58209 | Snake:4  | Entered Level 4 of the Snake Pit
 59343 | Snake:4  | Reached XP level 21. HP: 118/118 MP: 14/34
 60613 | Snake:4  | Got a serpentine rune of Zot
 60997 | Elf:2    | Noticed Asterion
 61694 | Elf:3    | Reached skill level 15 in Hexes
 62799 | Elf:3    | Got a ring of the Octopus King
 62801 | Elf:3    | Identified a ring of the Octopus King {AC+1 EV+1 Str+1 Int+1 Dex+1 Stlth+} (You took it off a deep elf sorcerer on level 3 of the Elven Halls)
 63109 | Elf:3    | Identified the Collected Works on Unholy Arts
 63112 | Elf:3    | Identified the Disquisition on the Doomed Oath
 63118 | Elf:3    | Learned a level 3 spell: Spectral Weapon
 63124 | Elf:3    | Learned a level 5 spell: Summon Mana Viper
 63149 | Elf:3    | Identified the Papyrus of Moulding
 63493 | Depths:1 | Entered Level 1 of the Depths
 63729 | Depths:1 | Found Ocvoveff's General Store.
 63729 | Depths:1 | Found Qufradgh's Gadget Shop.
 63753 | Depths:1 | Bought a scroll of immolation for 70 gold pieces
 63753 | Depths:1 | Bought a potion of cancellation for 160 gold pieces
 63878 | Depths:1 | Found a gateway to Hell.
 64149 | Depths:1 | Reached XP level 22. HP: 123/123 MP: 35/35
 65202 | Depths:2 | Found a one-way gate to the infinite horrors of the Abyss.
 65733 | Depths:2 | Noticed a caustic shrike
 66078 | Depths:3 | Reached skill level 15 in Invocations
 66236 | Depths:3 | Found a one-way gate leading to the halls of Pandemonium.
 66275 | Depths:3 | Found a gateway to a ziggurat.
 66941 | Depths:4 | Reached skill level 1 in Summonings
 66988 | Depths:4 | Found a flickering gateway to a bazaar.
 67015 | Bazaar   | Entered a bazaar
 67031 | Bazaar   | Found Dadghilev's Jewellery Emporium.
 67061 | Bazaar   | Found Tidemoqi's Jewellery Boutique.
 67119 | Bazaar   | Found Daceget's Book Emporium.
 67150 | Bazaar   | Found Pacokub's Jewellery Emporium.
 67208 | Bazaar   | Bought the ring "Bisex" {rPois rC+ MP-9 Str+3 Int+9} for 467 gold pieces
 67208 | Bazaar   | Bought the ring of Ovavvieg {rElec Int+4 Dex+2 SInv Stlth+} for 531 gold pieces
 67762 | Depths:4 | Noticed a golden dragon
 67783 | Depths:4 | Killed a golden dragon
 67810 | Depths:4 | Noticed a golden dragon
 68477 | Depths:4 | Reached XP level 23. HP: 130/130 MP: 21/37
 68491 | Depths:4 | Reached skill level 10 in Spellcasting
 69722 | Shoals:1 | Learned a level 1 spell: Apportation
 69726 | Shoals:1 | Learned a level 3 spell: Tukima's Dance
 70134 | Depths:5 | Entered Level 5 of the Depths
 70144 | Depths:5 | Found Sosut's Gadget Boutique.
 70412 | Depths:5 | Found Qoedom Pannu's Antique Weapon Shop.
 70686 | Depths:5 | Reached skill level 5 in Summonings
 70791 | Depths:5 | Found Timuew's General Store.
 70806 | Depths:5 | Bought a scroll of teleportation for 60 gold pieces
 70806 | Depths:5 | Bought a scroll of teleportation for 60 gold pieces
 70806 | Depths:5 | Bought a scroll of teleportation for 60 gold pieces
 70992 | Depths:5 | Found a gate to the Realm of Zot.
 71331 | Depths:5 | Found Jarebluc's Food Boutique.
 71927 | Depths:2 | Noticed a juggernaut
 71997 | Depths:2 | Killed a juggernaut
 71997 | Depths:2 | Reached skill level 15 in Short Blades
 72109 | Depths:2 | Killed a caustic shrike
 72657 | Depths:2 | Reached XP level 24. HP: 111/136 MP: 21/41
 73699 | Temple   | Fell from the grace of Zin
 73699 | Temple   | Became a worshipper of the Shining One
 73699 | Temple   | Reached * piety under the Shining One
 73699 | Temple   | Reached ** piety under the Shining One
 73699 | Temple   | Reached *** piety under the Shining One
 73699 | Temple   | Reached **** piety under the Shining One
 74081 | Vaults:2 | Learned a level 6 spell: Statue Form
 74165 | Crypt:1  | Entered Level 1 of the Crypt
 74242 | Crypt:1  | Reached skill level 1 in Transmutations
 74261 | Crypt:1  | Reached skill level 1 in Earth Magic
 74291 | Crypt:1  | Reached ***** piety under the Shining One
 75094 | Crypt:1  | Found a huge runed gate.
 75094 | Crypt:1  | Found a huge runed gate.
 75094 | Crypt:1  | Found a huge runed gate.
 75094 | Crypt:1  | Found a huge runed gate.
 75095 | Crypt:1  | Found a huge runed gate.
 75096 | Crypt:1  | Found a huge runed gate.
 75097 | Crypt:1  | Found a huge runed gate.
 75118 | Crypt:1  | Found a huge runed gate.
 75119 | Crypt:1  | Found a huge runed gate.
 75119 | Crypt:1  | Found a huge runed gate.
 75120 | Crypt:1  | Found a huge runed gate.
 75120 | Crypt:1  | Found a huge runed gate.
 75120 | Crypt:1  | Found a huge runed gate.
 75120 | Crypt:1  | Found a huge runed gate.
 75120 | Crypt:1  | Found a huge runed gate.
 75121 | Crypt:1  | Found a huge runed gate.
 75122 | Crypt:1  | Found a huge runed gate.
 75123 | Crypt:1  | Found a huge runed gate.
 75124 | Crypt:1  | Found a huge runed gate.
 75124 | Crypt:1  | Reached ****** piety under the Shining One
 75143 | Crypt:1  | Reached skill level 5 in Transmutations
 75177 | Crypt:1  | Found a huge runed gate.
 75177 | Crypt:1  | Found a huge runed gate.
 75177 | Crypt:1  | Found a huge runed gate.
 75177 | Crypt:1  | Found a huge runed gate.
 75192 | Crypt:1  | Noticed an ancient lich
 75579 | Crypt:1  | Killed an ancient lich
 75935 | Crypt:2  | Reached skill level 5 in Earth Magic
 76505 | Crypt:3  | Entered Level 3 of the Crypt
 76951 | Crypt:3  | Found a shimmering altar of Xom.
 77233 | Crypt:3  | Noticed Boris
 77248 | Crypt:3  | Killed Boris
 77292 | Crypt:3  | Reached skill level 10 in Transmutations
 77292 | Crypt:3  | Reached XP level 25. HP: 140/140 MP: 33/42
 77562 | Crypt:3  | Found a staircase to the Tomb.
 77669 | Crypt:3  | Got a slimy platinum ring
 77673 | Crypt:3  | Identified the ring "Emalaid" {rPois rN+ Str+2} (You took it off a skeletal warrior on level 3 of the Crypt)
 77676 | Crypt:3  | Got a glittering turquoise ring
 77677 | Crypt:3  | Identified the ring "Moathues" {rPois rN+} (You took it off a skeletal warrior on level 3 of the Crypt)
 78176 | Crypt:3  | Noticed an ancient lich
 78196 | Crypt:3  | Killed an ancient lich
 78741 | Vaults:3 | Killed Sojobo
 79044 | Vaults:3 | Killed Aizul
 79083 | Vaults:5 | Entered Level 5 of the Vaults
 79833 | Vaults:5 | Got a warped emerald amulet
 79835 | Vaults:5 | Identified the amulet of Megalomania {Gourm +Fly rElec} (You took it off a necromancer on level 5 of the Vaults)
 79887 | Vaults:5 | Reached skill level 10 in Earth Magic
 79970 | Vaults:5 | Identified the cursed +3 quarterstaff of Sotesidgh {pain, rElec} (You took it off a deep elf sorcerer on level 5 of the Vaults)
 80244 | Vaults:5 | Found Dochutol's Distillery.
 80627 | Vaults:5 | Bought a potion of agility for 96 gold pieces
 80627 | Vaults:5 | Bought a potion of heal wounds for 120 gold pieces
 80627 | Vaults:5 | Bought a potion of heal wounds for 120 gold pieces
 80627 | Vaults:5 | Bought a potion of heal wounds for 120 gold pieces
 80627 | Vaults:5 | Bought a potion of curing for 72 gold pieces
 80627 | Vaults:5 | Bought a potion of might for 96 gold pieces
 80781 | Vaults:5 | Reached XP level 26. HP: 69/145 MP: 20/42
 81133 | Vaults:5 | Identified the cursed +1 robe of the Sneaky Seas {MR+ Int+5} (You took it off an ogre mage on level 5 of the Vaults)
 81204 | Vaults:5 | Got a silver rune of Zot
 82421 | Slime:1  | Entered Level 1 of the Pits of Slime
 83250 | Slime:5  | Entered Level 5 of the Pits of Slime
 83364 | Slime:5  | Found a viscous altar of Jiyva.
 83365 | Slime:5  | Noticed the Royal Jelly
 83367 | Slime:5  | Found the +3 crown of Dyrovepreva {rElec Int+2 SInv}
 83387 | Slime:5  | Noticed tidbits's ghost (adept GnTm)
 83417 | Slime:5  | Killed tidbits's ghost
 84120 | Slime:5  | Killed the Royal Jelly
 84224 | Slime:5  | Got a wavering marble ring
 84231 | Slime:5  | Got a slimy rune of Zot
 84257 | Slime:5  | Learned a level 5 spell: Irradiate
 84600 | Depths:2 | Identified the ring of the Madman {Fire +Inv Slay+2 Stlth+} (You found it on level 5 of the Pits of Slime)
 84606 | Depths:2 | Voluntarily entered the Abyss.
 84882 | Abyss:2  | Found a corrupted altar of Lugonu.
 84896 | Abyss:2  | Found a corrupted altar of Lugonu.
 85044 | Abyss:4  | Found a corrupted altar of Lugonu.
 85160 | Abyss:4  | Found a corrupted altar of Lugonu.
 85205 | Abyss:4  | Got an abyssal rune of Zot
 85222 | Depths:2 | Escaped the Abyss
 85408 | Hell     | Entered the Vestibule of Hell
 85416 | Hell     | Noticed Geryon
 85745 | Hell     | Killed Geryon
 86081 | Hell     | Found a gateway to the decaying netherworld of Tartarus.
 86183 | Hell     | Found a gateway to the ashen valley of Gehenna.
 86215 | Hell     | Reached XP level 27. HP: 151/151 MP: 33/42
 86229 | Hell     | Found a gateway to the Iron City of Dis.
 86281 | Hell     | Found a gateway to the freezing wastes of Cocytus.
 86398 | Zig:1    | Entered Level 1 of a ziggurat
 86422 | Zig:2    | Entered Level 2 of a ziggurat
 86465 | Zig:3    | Entered Level 3 of a ziggurat
 86541 | Zig:4    | Entered Level 4 of a ziggurat
 86704 | Zig:5    | Entered Level 5 of a ziggurat
 86793 | Zig:6    | Entered Level 6 of a ziggurat
 86839 | Zig:6    | Identified the Reference Book on the Entrancing Snowflakes
 86852 | Zig:7    | Entered Level 7 of a ziggurat
 86991 | Zig:8    | Entered Level 8 of a ziggurat
 86998 | Zig:8    | Noticed Erryic the pandemonium lord
 87049 | Depths:1 | Identified an eudemon blade of holy wrath {god gift} (a demon blade blessed by the Shining One)
 87049 | Depths:1 | Received a gift from the Shining One
 87318 | Tomb:1   | Entered Level 1 of the Tomb of the Ancients
 87471 | Tomb:1   | Noticed Jory
 87484 | Tomb:1   | Killed Jory
 87484 | Tomb:1   | Reached skill level 1 in Long Blades
 87569 | Tomb:1   | Reached skill level 10 in Translocations
 88079 | Tomb:1   | Noticed a greater mummy
 88321 | Tomb:1   | Killed a greater mummy
 88369 | Tomb:2   | Noticed a greater mummy
 88378 | Tomb:2   | Killed a greater mummy
 88380 | Tomb:2   | Noticed a greater mummy
 88381 | Tomb:2   | Noticed a greater mummy
 88381 | Tomb:2   | Noticed a greater mummy
 88381 | Tomb:2   | Reached skill level 5 in Long Blades
 88382 | Tomb:2   | Noticed a greater mummy
 88555 | Tomb:2   | Killed a greater mummy
 88561 | Tomb:2   | Killed a greater mummy
 88563 | Tomb:2   | Killed a greater mummy
 88564 | Tomb:2   | Killed a greater mummy
 88801 | Tomb:1   | Noticed a greater mummy
 88801 | Tomb:1   | Noticed a greater mummy
 88801 | Tomb:1   | Noticed a greater mummy
 88809 | Tomb:1   | Killed a greater mummy
 88812 | Tomb:1   | Noticed a greater mummy
 88812 | Tomb:1   | Killed a greater mummy
 88813 | Tomb:1   | Killed a greater mummy
 88813 | Tomb:1   | Reached skill level 15 in Translocations
 88814 | Tomb:1   | Noticed a greater mummy
 88820 | Tomb:1   | Killed a greater mummy
 88821 | Tomb:1   | Noticed a greater mummy
 88826 | Tomb:1   | Killed a greater mummy
 88827 | Tomb:1   | Noticed a greater mummy
 88829 | Tomb:1   | Noticed a greater mummy
 88832 | Tomb:1   | Noticed a greater mummy
 88833 | Tomb:1   | Killed a greater mummy
 88973 | Tomb:1   | Killed a greater mummy
 88982 | Tomb:1   | Killed a greater mummy
 88985 | Tomb:1   | Killed a greater mummy
 89167 | Tomb:1   | Noticed a greater mummy
 89172 | Tomb:1   | Killed a greater mummy
 89174 | Tomb:1   | Noticed a greater mummy
 89181 | Tomb:1   | Killed a greater mummy
 89182 | Tomb:1   | Noticed a greater mummy
 89193 | Tomb:1   | Killed a greater mummy
 89324 | Tomb:1   | Noticed a greater mummy
 89339 | Tomb:1   | Killed a greater mummy
 89405 | Tomb:1   | Noticed a greater mummy
 89425 | Tomb:1   | Killed a greater mummy
 89452 | Tomb:1   | Noticed a greater mummy
 89453 | Tomb:1   | Noticed a greater mummy
 89460 | Tomb:1   | Noticed a greater mummy
 89461 | Tomb:1   | Noticed a greater mummy
 89462 | Tomb:1   | Noticed a greater mummy
 89462 | Tomb:1   | Killed a greater mummy
 89462 | Tomb:1   | Reached skill level 15 in Spellcasting
 89631 | Tomb:1   | Killed a greater mummy
 89684 | Tomb:1   | Killed a greater mummy
 89691 | Tomb:1   | Killed a greater mummy
 89696 | Tomb:1   | Killed a greater mummy
 89785 | Tomb:2   | Learned a level 2 spell: Passwall
 89791 | Tomb:2   | Learned a level 5 spell: Lee's Rapid Deconstruction
 89820 | Tomb:3   | Entered Level 3 of the Tomb of the Ancients
 89824 | Tomb:3   | Noticed toffzen's ghost (legendary MiFi)
 89841 | Tomb:3   | Killed toffzen's ghost
 89850 | Tomb:3   | Noticed a greater mummy
 89867 | Tomb:3   | Noticed Khufu
 90025 | Tomb:3   | Noticed a greater mummy
 90034 | Tomb:3   | Killed a greater mummy
 90037 | Tomb:3   | Found the cursed necklace of Bloodlust {*Rage +Rage MR++ Int-3 Slay+6 *Curse}
 90056 | Tomb:3   | Noticed Mara
 90057 | Tomb:3   | Noticed Sphara's illusion
 90183 | Tomb:3   | Found the +8 demon blade "Leech" {vamp, rN+ AC-3 EV-3}
 90189 | Tomb:3   | Killed a greater mummy
 90199 | Tomb:2   | Killed Khufu
 90363 | Tomb:3   | Noticed a greater mummy
 90366 | Tomb:3   | Noticed a greater mummy
 90370 | Tomb:3   | Noticed an ancient lich
 90372 | Tomb:3   | Noticed a greater mummy
 90373 | Tomb:3   | Killed a greater mummy
 90376 | Tomb:3   | Killed a greater mummy
 90377 | Tomb:3   | Killed an ancient lich
 90380 | Tomb:3   | Killed a greater mummy
 90397 | Tomb:3   | Noticed a greater mummy
 90406 | Tomb:3   | Killed a greater mummy
 90414 | Tomb:3   | Noticed a greater mummy
 90424 | Tomb:3   | Killed a greater mummy
 90494 | Tomb:3   | Got a steaming brass ring
 90495 | Tomb:3   | Identified the ring "Kuplaohi" {+Fly Str+4 Int+3} (You found it on level 3 of the Tomb of the Ancients)
 90503 | Tomb:3   | Identified the ring "Dafed" {*Slow rN+ Str+8 Int+4} (You found it on level 3 of the Tomb of the Ancients)
 90549 | Tomb:3   | Identified the +4 cloak of the Unseen Realm {rN+ MR++ Regen+ Stlth-} (You acquired it on level 3 of the Tomb of the Ancients)
 90601 | Tomb:3   | Got a golden rune of Zot
 90669 | Tomb:3   | Identified the ring of Irgherura {rPois rN+ MR- Dex+2} (You found it on level 3 of the Tomb of the Ancients)
 90671 | Tomb:3   | Identified the cursed ring of Dogma {rElec Dex-2} (You found it on level 3 of the Tomb of the Ancients)
 91134 | Vaults:1 | Bought a book of the Warp for 1260 gold pieces
 91143 | Vaults:1 | Learned a level 8 spell: Controlled Blink
 91508 | Pan      | Entered Pandemonium
 91572 | Pan      | Noticed Lenim the pandemonium lord
 91758 | Pan      | Entered the realm of Cerebov.
 92075 | Pan      | Identified the cursed +0 robe of the Butterfly {rElec} (You found it in Pandemonium)
 92150 | Pan      | Noticed Cerebov
 92167 | Pan      | Identified the Grimoire of Monotheism
 92239 | Pan      | Got a warped lead amulet
 92240 | Pan      | Identified the amulet "Lusmya Luke" {Spirit Int+4} (You found it in Pandemonium)
 92319 | Pan      | Identified the Compendium of Floating Darkness
 92326 | Pan      | Got a pitted granite ring
 92327 | Pan      | Identified the ring of the Blind Eye {Str+7 Stlth+} (You found it in Pandemonium)
 92329 | Pan      | Identified the +1 fire dragon scales of Follow the Leader {rF++ rC- rN+} (You found it in Pandemonium)
 92443 | Pan      | Killed Cerebov
 92443 | Pan      | Reached skill level 10 in Long Blades
 92455 | Pan      | Got a fiery rune of Zot
 92640 | Pan      | Entered the realm of Lom Lobon.
 92650 | Pan      | Noticed Mennas
 92702 | Pan      | Killed Mennas
 92874 | Pan      | Noticed Lom Lobon
 92936 | Pan      | Killed Lom Lobon
 92967 | Pan      | Got a magical rune of Zot
 93238 | Pan      | Found an exit through the horrors of the Abyss.
 93275 | Pan      | Found a huge runed gate.
 93316 | Pan      | Noticed Regebot the pandemonium lord
 93606 | Pan      | Found an exit through the horrors of the Abyss.
 93762 | Pan      | Noticed Utrah the pandemonium lord
 93780 | Pan      | Killed Utrah the pandemonium lord
 93811 | Pan      | Entered the realm of Gloorx Vloq.
 93989 | Pan      | Noticed Gloorx Vloq
 94000 | Pan      | Killed Gloorx Vloq
 94005 | Pan      | Got a dark rune of Zot
 94258 | Pan      | Noticed Xyxkiraj the pandemonium lord
 94266 | Pan      | Killed Xyxkiraj the pandemonium lord
 94316 | Pan      | Found an exit through the horrors of the Abyss.
 94370 | Pan      | Took an exit into the Abyss.
 94370 | Abyss:1  | Escaped into the Abyss
 94407 | Depths:3 | Escaped the Abyss
 94411 | Pan      | Entered Pandemonium
 94421 | Pan      | Noticed Vat Baeph the pandemonium lord
 94436 | Depths:3 | Escaped Pandemonium
 94448 | Pan      | Entered Pandemonium
 94551 | Pan      | Gained mutation: You are frail. (-10% HP) [a cacodemon]
 94557 | Pan      | Reached skill level 15 in Evocations
 94564 | Pan      | Found an exit through the horrors of the Abyss.
 94565 | Pan      | Gained mutation: You are very frail. (-20% HP) [a cacodemon]
 94574 | Pan      | Took an exit into the Abyss.
 94574 | Abyss:1  | Escaped into the Abyss
 94575 | Abyss:1  | Lost mutation: You are very frail. (-20% HP) [potion of mutation]
 94575 | Abyss:1  | Lost mutation: You are frail. (-10% HP) [potion of mutation]
 94575 | Abyss:1  | Gained mutation: You can translocate small distances at will. [potion of mutation]
 94575 | Abyss:1  | Gained mutation: You have a pair of small antennae on your head. [potion of mutation]
 94577 | Abyss:1  | Found a corrupted altar of Lugonu.
 94630 | Abyss:3  | Found a corrupted altar of Lugonu.
 94800 | Abyss:3  | Found a bloodstained altar of Trog.
 94842 | Depths:3 | Escaped the Abyss
 94844 | Pan      | Entered the realm of Mnoleg.
 94844 | Pan      | Entered Pandemonium
 94868 | Pan      | Found an exit through the horrors of the Abyss.
 95238 | Pan      | Noticed Mnoleg
 95261 | Pan      | Killed Mnoleg
 95507 | Pan      | Reached skill level 16 in Evocations
 95575 | Pan      | Got a glowing rune of Zot
 95580 | Pan      | Gained mutation: You are frail. (-10% HP) [a cacodemon]
 95741 | Pan      | Found an exit through the horrors of the Abyss.
 95831 | Pan      | Lost mutation: You are frail. (-10% HP) [potion of mutation]
 95831 | Pan      | Lost mutation: You have a pair of small antennae on your head. [potion of mutation]
 95831 | Pan      | Lost mutation: You can translocate small distances at will. [potion of mutation]
 95831 | Pan      | Gained mutation: You expend magic power (3 MP) to strengthen your wands. [potion of mutation]
 95831 | Pan      | Gained mutation: Your magical capacity is low. (-10% MP) [potion of mutation]
 95831 | Pan      | Gained mutation: You are robust. (+10% HP) [potion of mutation]
 95831 | Pan      | Gained mutation: You can translocate small distances at will. [potion of mutation]
 95927 | Pan      | Noticed Voih the pandemonium lord
 96449 | Pan      | Identified the +2 robe of a bazaar {Str+3} (You found it in Pandemonium)
 96517 | Pan      | Found an exit through the horrors of the Abyss.
 96676 | Pan      | Noticed Muahompi the pandemonium lord
 97101 | Pan      | Found an exit through the horrors of the Abyss.
 97103 | Pan      | Noticed Wepastre the pandemonium lord
 97107 | Depths:3 | Escaped Pandemonium
 97116 | Pan      | Entered Pandemonium
 97155 | Pan      | Found an exit through the horrors of the Abyss.
 97294 | Pan      | Reached skill level 17 in Evocations
 97412 | Pan      | Got a demonic rune of Zot
 97416 | Pan      | Noticed a seraph
 97496 | Depths:3 | Escaped Pandemonium
 97572 | Hell     | Got a smoking cloak
 97573 | Hell     | Identified the +2 cloak of the Original Sin {rC+ Regen+ Str+2 Stlth+} (You acquired it in the Vestibule of Hell)
 97593 | Tar:1    | Entered Level 1 of Tartarus
 97758 | Tar:4    | You fall through a shaft for 2 floors!
 97774 | Tar:6    | Reached skill level 18 in Evocations
 97846 | Tar:7    | Entered Level 7 of Tartarus
 97846 | Tar:7    | Noticed the Serpent of Hell
 97853 | Tar:7    | Noticed an ancient lich
 97860 | Tar:7    | Killed an ancient lich
 98145 | Tar:7    | Noticed Ereshkigal
 98223 | Tar:7    | Noticed tidbits's ghost (legendary GnEE)
 98278 | Tar:7    | Killed tidbits's ghost
 98417 | Tar:7    | Got a slimy lead ring
 98418 | Tar:7    | Identified the ring "Feporok" {Dex+6 Stlth-} (You found it on level 7 of Tartarus)
 98493 | Tar:7    | Killed Ereshkigal
 98531 | Tar:7    | Killed the Serpent of Hell
 98595 | Tar:7    | Got a bone rune of Zot
 98643 | Tar:7    | Reached skill level 19 in Evocations
 98646 | Tar:7    | Identified the ring of Xupriyx {rC+ MR+++ EV+6 Slay-6 Stlth+} (You found it on level 7 of Tartarus)
 98781 | Geh:1    | Entered Level 1 of Gehenna
 99137 | Geh:7    | Entered Level 7 of Gehenna
 99152 | Geh:7    | Reached skill level 20 in Evocations
 99515 | Geh:7    | Got a scintillating golden ring
 99516 | Geh:7    | Identified the ring "Oraeck" {+Blink +Inv rC+ Str-4 Dex+4} (You found it on level 7 of Gehenna)
 99518 | Geh:7    | Identified the Papyrus of Icy Lightness
 99794 | Geh:7    | Noticed Asmodeus
 99826 | Geh:7    | Killed Asmodeus
 99826 | Geh:7    | Reached skill level 21 in Evocations
 99893 | Geh:7    | Got an obsidian rune of Zot
100094 | Coc:1    | Entered Level 1 of Cocytus
100355 | Coc:7    | Entered Level 7 of Cocytus
100404 | Coc:7    | Reached skill level 22 in Evocations
100529 | Coc:7    | Identified Sif Muna's Collected Works on the Hurtful Escort
100533 | Coc:7    | Identified the cursed +3 scimitar of the End of Times {freeze, rPois Str+4 Int+4} (You found it on level 7 of Cocytus)
100744 | Coc:7    | Noticed Antaeus
100763 | Coc:7    | Reached skill level 23 in Evocations
100768 | Coc:7    | Killed Antaeus
100807 | Coc:7    | Got an icy rune of Zot
100880 | Dis:1    | Entered Level 1 of the Iron City of Dis
101327 | Dis:7    | Entered Level 7 of the Iron City of Dis
101421 | Dis:7    | Reached skill level 24 in Evocations
101895 | Dis:7    | Reached skill level 25 in Evocations
102122 | Dis:7    | Noticed Dispater
102139 | Dis:7    | Killed Dispater
102165 | Dis:7    | Identified the Collected Works on Bewitching Calling
102169 | Dis:7    | Got an iron rune of Zot
102353 | Zot:1    | Entered Level 1 of the Realm of Zot
102518 | Zot:5    | Entered Level 5 of the Realm of Zot
102533 | Zot:5    | Reached skill level 26 in Evocations
102809 | Zot:5    | Noticed an ancient lich
102818 | Zot:5    | Killed an ancient lich
102921 | Zot:5    | Noticed an orb of fire
102923 | Zot:5    | Lost mutation: You are robust. (+10% HP) [an orb of fire]
102932 | Zot:5    | Gained mutation: You are dopey. (Int -2) [an orb of fire]
102935 | Zot:5    | Killed an orb of fire
102936 | Zot:5    | Lost mutation: You expend magic power (3 MP) to strengthen your wands. [potion of mutation]
102936 | Zot:5    | Lost mutation: Your magical capacity is low. (-10% MP) [potion of mutation]
102936 | Zot:5    | Gained mutation: Potions are less effective at restoring your health. [potion of mutation]
102936 | Zot:5    | Gained mutation: You are resistant to hostile enchantments. (MR+) [potion of mutation]
102936 | Zot:5    | Gained mutation: You have a somewhat thin skeletal structure. (Dex +2, Stealth) [potion of mutation]
103216 | Zot:5    | Noticed an orb of fire
103217 | Zot:5    | Gained mutation: You are very dopey. (Int -4) [an orb of fire]
103223 | Zot:5    | Gained mutation: Your muscles are strong. (Str +2) [an orb of fire]
103233 | Zot:5    | Gained mutation: Armour fits poorly on your strangely shaped body. [an orb of fire]
103236 | Zot:5    | Noticed an orb of fire
103236 | Zot:5    | Killed an orb of fire
103236 | Zot:5    | Reached skill level 27 in Evocations
103248 | Zot:5    | Killed an orb of fire
103435 | Zot:5    | Noticed an ancient lich
103446 | Zot:5    | Killed an ancient lich
103455 | Zot:5    | Noticed an orb of fire
103462 | Zot:5    | Lost mutation: Your muscles are strong. (Str +2) [an orb of fire]
103466 | Zot:5    | Killed an orb of fire
103630 | Zot:5    | Noticed an orb of fire
103637 | Zot:5    | Killed an orb of fire
103644 | Zot:5    | Got the Orb of Zot
103829 | Depths:3 | Noticed Xuannuny the pandemonium lord
104187 | D:$      | Escaped with the Orb!

Vault maps used:
D:1:      nzn_arrival_water_spiral, serial_park_tiny_2
D:2:      lemuel_round_altar, minivault_26, minmay_goblin_outpost
D:3:      fedhas_altar_1, ashenzari_conservatory_becter,
          minmay_misc_feat_hallway, grunt_qazlal_clouds
D:4:      bloody_trog, minmay_temple_entry_nine_rooms, first_bread,
          lightli_sewer_entry_pipes
D:5:      lemuel_coloured_pillars_altar, uniq_eustachio
D:6:      gammafunk_temple_overflow_wave, nicolae_ossuary_entry_giza
D:8:      old_standard_altar, kennysheep_mini, makhleb_grotto_becter,
          basic_altar, serial_shops, kennysheep_mini_moat, nicolae_shop_trees,
          shop, nicolae_shop_behind_doors, shop, david_nohive_1
D:9:      lemuel_doored_altar, nemelex_altar_shiori, serial_shops,
          kennysheep_little_box, mrwooster_statue_mirror
D:10:     uniq_gastronok, uniq_maurice, uniq_sonja
D:11:     evilmike_iron_armoury, david_lair_generic, david_orc_3
D:12:     serial_shops, shop
D:13:     grunt_vaults_entry_fortified
D:14:     elyvilon_altar_1, fake_guardian_serpent_vault, uniq_agnes
D:15:     grunt_enter_depths_hoard, minmay_misc_feat_ornament,
          serial_bayou_pond_e, uniq_rupert
Temple:   dpeg_chambers_temple
Lair:1:   minivault_27, minmay_holes
Lair:2:   minmay_lair_oklob_chamber
Lair:3:   minmay_shoals_entry_lonely_mermaid
Lair:4:   dummy_snake_entry, minivault_25
Lair:5:   special_room, cheibrodos_lair_reptile_den
Lair:6:   due_jungle_book, minmay_slime_entry_pillars, serial_bayou_shore_a
Shoals:1: nicolae_shoals_undead_eyrie, uniq_frances
Shoals:2: cheibrodos_shoals_baths
Shoals:4: shoals_end_hangedman, shoals_ilsuiw_ice, uniq_polyphemus
Snake:1:  st_stairs_12, grunt_megastairs_1, uniq_louise
Snake:2:  st_stairs_7, serial_bayou_shore_b
Snake:4:  grunt_snake_rune_serpentine_throne, grunt_ministairs_6
Slime:4:  cheibrodos_slime_lost_civilization_7
Orc:1:    uniq_snorg
Orc:2:    pubby_orc_utopia, uniq_erolcha, uniq_azrael
Elf:1:    serial_shops, nicolae_shop_stone, minmay_elf_demonology, minivault_20,
          minmay_crystal_room, grunt_ministairs_8, lemuel_statue_altar,
          uniq_nikola
Elf:2:    minmay_strange_pillars, corexii_leaking_fountain, minivault_15,
          uniq_asterion, uniq_saint_roka
Elf:3:    grunt_elf_hall_asides
Vaults:1: nicolae_vaults_theta, vaults_standard_mumra_lines,
          vaults_room_semicircle, ontoclasm_vaults_gateway,
          hangedman_vaults_locks, ontoclasm_vaults_hangar, grunt_vaults_funnel,
          nicolae_vaults_circle_grid_b, hangedman_vaults_slice,
          vaults_room_ringed_pool, nicolae_vaults_diagonal_hallway_8, v_misc_30,
          serial_shops, shop, basic_altar
Vaults:2: vaults_mumra_hex, v_misc_4, vaults_standard_mumra_x,
          nicolae_vaults_what_the_h, ontoclasm_vaults_bender, v_rooms_3,
          ontoclasm_vaults_loading_screen, ontoclasm_vaults_ring_small,
          nicolae_vaults_quartermaster, hangedman_vaults_slice,
          vaults_dpeg_encased_lava, minmay_crypt_entry_simple_box,
          ontoclasm_vaults_ring_square, ontoclasm_vaults_twist
Vaults:3: nicolae_vaults_specimen_jars, nicolae_vaults_yaktaur_gun_rack,
          nicolae_vaults_ring_of_whatevers, v_misc_14, serial_ice_b,
          nicolae_vaults_little_squares_4, vaults_dpeg_hooks, stair_cage_open,
          serial_shops, shop, basic_altar, uniq_sojobo, uniq_aizul
Vaults:4: hangedman_vaults_cutoff, v_misc_16, vaults_room_door_hall,
          ontoclasm_vaults_eye, hangedman_vaults_unwind, v_misc_30,
          vaults_room_stairs_pillars, nicolae_vaults_little_squares_5,
          serial_shops, shop, uniq_donald
Vaults:5: serial_shops
Crypt:1:  minivault_27, door_vault
Crypt:3:  church_of_pain_bobbens,
          nicolae_tomb_entry_unfolded_pyramid_orthogonal, minivault_14,
          uniq_boris
Tomb:1:   uniq_jory
Tomb:3:   uniq_mara
Depths:1: hex_intersection, hell_entry, water_maze_lemuel, grunt_megastairs_4,
          minmay_shoptagon, serial_bayou_shore_b, serial_bayou_shore_b
Depths:2: hangedman_box_tower, nicolae_abyss_entry_one_way_or_another,
          hangedman_tar_grid_catacomb
Depths:3: minmay_tri_box, enter_ziggurat_b, pan_entry, kennysheep_boxes,
          hell_entry
Depths:4: minmay_triangles_in_corner, serial_shops, freezing_bzr, abyss_entry,
          pf_dread_powers_of_hell, hangedman_decor_opposing,
          kennysheep_island_fort, firewood_loft,
          infiniplex_staircase_split_hallway
Depths:5: grunt_x_marks_the_spot, grunt_mini_vestibule, minmay_misc_feat_square,
          serial_shops, shop, shop, shop, shop
Dis:6:    door_vault
Dis:7:    dis_grunt_layers
Geh:3:    hangedman_gehenna_grave_pits
Geh:5:    door_vault, grunt_megastairs_2
Geh:7:    evilmike_geh
Coc:7:    coc_dpeg
Tar:2:    nicolae_tar_cuneiform_sun
Tar:7:    tar_grunt_cathedral
Zot:1:    cheibrodos_zot_enchanting_chambers, bh_zot_ikea_curve,
          hangedman_zot_spectrum
Zot:2:    basic_altar, hangedman_swamp_dais
Zot:3:    st_grand_hoard_of_tiamat
Zot:4:    minmay_elemental_castle, nrook_zot_tub
Zot:5:    basic_stair_grate_trap
Abyss:3:  hangedman_abyss_river_spirits, evilmike_abyss_exit_8,
          evilmike_abyss_exit_4
Abyss:4:  due_evilmike_abyss_rune_seething_liches, evilmike_abyss_exit_mutagenic
Pan:      rand_demon_3, nicolae_pan_gloorx_vloqian_2, grunt_pan_spiral,
          evilmike_cerebov_lava, evilmike_mini_pan_T, pan_blood_fountain_small,
          lom_lobon_st, uniq_mennas_pan, nicolae_pan_giant_door,
          evilmike_mini_pan_3x3, pan_blood_fountain_2, pan_blood_fountain_small,
          grunt_pan_in_and_out, gloorx_vloq_grunt_torture_chamber,
          pan_blood_fountain_small, evilmike_mini_pan_thingy,
          pan_blood_fountain_small, pan_blood_fountain, lemuel_hellion_island,
          rand_demon_1, pan_blood_fountain_2, evilmike_mini_pan_murderfest,
          uniq_ignacio, mnoleg_grunt, nicolae_pan_glass_arcs,
          evilmike_mini_pan_corner, rand_demon_6, nicolae_pan_double_arrow,
          pan_blood_fountain_2, nicolae_pan_cerebovesque_3, lemuel_hall_of_pain,
          pan_blood_fountain, pan_blood_fountain_small, evilmike_holy_pan
Bazaar:   bazaar_minmay_generic_d
Ossuary:  ossuary_zaba_two_paths

Skill      XL: |  1  2  3  4  5  6  7  8  9 10 11 12 13 14 15 16 17 18 19 20 21 22 23 24 25 26 27 |
---------------+----------------------------------------------------------------------------------+-----
Stealth        | 4 5 7 13 14 17 19 20 | 20.7
Short Blades   | 4 5 7 10 12 13 14 16 18 | 18.7
Fighting       | 4 5 7 8 10 11 13 14 15 16 17 21 | 21.2
Dodging        | 6 10 11 14 17 19 20 21 25 | 25.0
Evocations     | 4 9 10 13 14 27 | 27.0
Shields        | 4 7 8 |  8.1
Armour         | 1 4 |  4.4
Spellcasting   | 6 8 9 13 14 19 | 19.6
Translocations | 8 21 | 21.2
Hexes          | 2 9 13 16 | 16.3
Conjurations   | 3 4 |  4.1
Invocations    | 6 11 13 15 16 18 19 26 | 26.3
Ice Magic      | 3 5 |  5.0
Summonings     | 3 5 |  5.0
Transmutations | 10 13 | 13.2
Earth Magic    | 6 10 12 | 12.1
Long Blades    | 11 | 11.3

Action                   |  1- 3 |  4- 6 |  7- 9 | 10-12 | 13-15 | 16-18 | 19-21 | 22-24 | 25-27 || total
-------------------------+-------+-------+-------+-------+-------+-------+-------+-------+-------++-------
Melee: Short sword       |   247 |   129 |   673 |       |       |       |       |       |       ||  1049
       Flail             |       |    73 |    36 |       |       |       |       |       |       ||   109
       Whip              |       |     2 |    44 |       |       |       |       |       |       ||    46
       Rapier            |       |       |    77 |  1120 |  2925 |  1224 |  2412 |  2302 |  2271 || 12331
       Eudemon blade     |       |       |       |       |       |       |       |       |  3119 ||  3119
 Fire: Blowgun           |       |       |     1 |     9 |     1 |       |       |     6 |       ||    17
Throw: Stone             |    73 |    27 |    42 |     4 |       |       |       |       |       ||   146
       Tomahawk          |       |       |    11 |    61 |    26 |    17 |    11 |       |       ||   126
       Throwing net      |       |       |       |       |     1 |       |     1 |     3 |     7 ||    12
 Cast: Blink             |       |       |       |       |       |       |    17 |     4 |    42 ||    63
       Fulminant Prism   |       |       |       |       |       |       |     5 |       |       ||     5
       Dazzling Spray    |       |       |       |       |       |       |   130 |    16 |    24 ||   170
       Ensorcelled Hiber |       |       |       |       |       |       |     6 |       |       ||     6
       Spectral Weapon   |       |       |       |       |       |       |     4 |    87 |   163 ||   254
       Confuse           |       |       |       |       |       |       |     2 |    83 |    42 ||   127
       Ozocubu's Armour  |       |       |       |       |       |       |     1 |     6 |     2 ||     9
       Passage of Golubr |       |       |       |       |       |       |     1 |     5 |    12 ||    18
       Summon Lightning  |       |       |       |       |       |       |       |     5 |    21 ||    26
       Summon Mana Viper |       |       |       |       |       |       |       |    12 |    24 ||    36
       Lesser Beckoning  |       |       |       |       |       |       |       |     2 |    86 ||    88
       Apportation       |       |       |       |       |       |       |       |     1 |    53 ||    54
       Statue Form       |       |       |       |       |       |       |       |       |    96 ||    96
       Lee's Rapid Decon |       |       |       |       |       |       |       |       |    91 ||    91
       Passwall          |       |       |       |       |       |       |       |       |    27 ||    27
       Controlled Blink  |       |       |       |       |       |       |       |       |    13 ||    13
       Tukima's Dance    |       |       |       |       |       |       |       |       |     1 ||     1
Invok: Berserk           |       |     6 |    19 |    13 |    19 |     1 |       |       |       ||    58
       Trog's Hand       |       |     1 |     6 |     1 |     3 |     6 |       |       |       ||    17
       Brothers in Arms  |       |       |     1 |     5 |     5 |     6 |       |       |       ||    17
       Burn Spellbooks   |       |       |       |       |     1 |       |       |       |       ||     1
       Sanctuary         |       |       |       |       |       |       |     1 |     1 |       ||     2
       Vitalisation      |       |       |       |       |       |       |     5 |     1 |       ||     6
       Recite            |       |       |       |       |       |       |       |     1 |       ||     1
       Cleansing Flame   |       |       |       |       |       |       |       |     5 |   200 ||   205
       Summon Divine War |       |       |       |       |       |       |       |       |     2 ||     2
       Brand Weapon With |       |       |       |       |       |       |       |       |     1 ||     1
 Abil: Evoke Invisibilit |       |       |       |       |    16 |    41 |    28 |     5 |       ||    90
       Evoke Flight      |       |       |       |       |       |     3 |       |     3 |       ||     6
       Evoke Berserk Rag |       |       |       |       |       |       |     1 |       |       ||     1
Evoke: Wand              |       |       |     6 |    52 |    45 |    82 |    36 |    15 |    36 ||   272
       Lamp of fire      |       |       |       |       |     1 |     2 |     3 |     4 |     6 ||    16
       Sack of spiders   |       |       |       |       |       |       |       |     1 |     5 ||     6
       Box of beasts     |       |       |       |       |       |       |       |       |     5 ||     5
       Phial of floods   |       |       |       |       |       |       |       |       |     3 ||     3
  Use: Scroll            |     4 |     3 |     8 |     8 |    10 |    11 |    13 |     7 |    78 ||   142
       Potion            |       |     6 |       |     1 |     1 |     6 |     9 |     3 |    53 ||    79
 Stab: Sleeping          |    11 |     4 |    15 |    19 |    58 |   103 |   109 |    53 |       ||   372
       Invisible         |       |     1 |       |       |    71 |   100 |   130 |     7 |       ||   309
       Distracted        |       |       |     2 |     3 |    11 |     3 |    20 |    28 |       ||    67
       Paralysed         |       |       |     6 |     9 |       |     2 |     6 |     2 |       ||    25
       Petrifying        |       |       |       |       |     1 |       |       |       |       ||     1
       Confused          |       |       |       |       |       |     2 |       |    55 |       ||    57
       Held in net/web   |       |       |       |       |       |       |     2 |       |       ||     2
  Eat: Bread ration      |       |     1 |     4 |       |     7 |     2 |     2 |     1 |     8 ||    25
       Royal jelly       |       |     1 |     3 |     9 |     1 |     8 |     3 |     5 |    11 ||    41
       Fruit             |       |       |     4 |       |     9 |     6 |    13 |     5 |     7 ||    44
Armor: Robe              |    24 |    29 |    46 |    31 |    69 |       |     4 |       |       ||   203
       Acid dragon scale |       |       |       |       |     2 |       |       |       |       ||     2
       Troll leather arm |       |       |       |       |     4 |    53 |    87 |    91 |   161 ||   396
       Skin              |       |       |       |       |       |       |       |       |   427 ||   427
Dodge: Dodged            |   189 |   261 |   570 |   679 |  1203 |   713 |  1409 |   919 |  3954 ||  9897
Block: Buckler           |       |       |       |    40 |   533 |   327 |   686 |  1143 |  4225 ||  6954
       Reflection        |       |       |       |       |       |       |    12 |    29 |    67 ||   108
       Rpst.: Eudemon blade |       |       |       |       |       |       |       |       |   507 ||   507

Table legend:
 A = Spawn XP
 B = Non-spawn XP
 C = Spawn XP percentage of total XP
 D = Spawn monster count
 E = Non-spawn monster count
 F = Spawn count percentage of total count
 G = Total turns spent on level
                    A         B        C        D         E        F      G
               +---------+---------+-------+---------+---------+-------+---------
         Total |   21363 | 3026601 |   0.7 |      34 |    3966 |   0.9 | 104187
               +---------+---------+-------+---------+---------+-------+---------
           D:1 |       0 |      40 |   0.0 |       0 |      25 |   0.0 |   915
           D:2 |       0 |      36 |   0.0 |       0 |      21 |   0.0 |  1328
           D:3 |       0 |      41 |   0.0 |       0 |      19 |   0.0 |   747
           D:4 |       0 |     497 |   0.0 |       0 |      22 |   0.0 |  1931
           D:5 |       0 |     885 |   0.0 |       0 |      23 |   0.0 |  1629
           D:6 |       0 |     506 |   0.0 |       0 |      12 |   0.0 |   733
           D:7 |       0 |     824 |   0.0 |       0 |      19 |   0.0 |  1052
           D:8 |       0 |    2361 |   0.0 |       0 |      41 |   0.0 |  2035
           D:9 |       0 |    2085 |   0.0 |       0 |      24 |   0.0 |  1303
          D:10 |       0 |    3548 |   0.0 |       0 |      17 |   0.0 |  1092
          D:11 |       0 |    8271 |   0.0 |       0 |      58 |   0.0 |  3930
          D:12 |       0 |    2521 |   0.0 |       0 |      15 |   0.0 |   812
          D:13 |       0 |   11249 |   0.0 |       0 |      43 |   0.0 |  1265
          D:14 |       0 |   15738 |   0.0 |       0 |      57 |   0.0 |  1600
          D:15 |       0 |   21470 |   0.0 |       0 |      44 |   0.0 |  2126
        Lair:1 |       0 |    2467 |   0.0 |       0 |      11 |   0.0 |  1234
        Lair:2 |       0 |    5841 |   0.0 |       0 |      26 |   0.0 |  1829
        Lair:3 |       0 |    4739 |   0.0 |       0 |      15 |   0.0 |  1267
        Lair:4 |       0 |    4269 |   0.0 |       0 |      18 |   0.0 |  1336
        Lair:5 |       0 |   15205 |   0.0 |       0 |      57 |   0.0 |  2318
        Lair:6 |       0 |   41987 |   0.0 |       0 |      79 |   0.0 |  3829
      Shoals:1 |       0 |   17074 |   0.0 |       0 |      32 |   0.0 |   787
      Shoals:2 |       0 |   17971 |   0.0 |       0 |      36 |   0.0 |   825
      Shoals:3 |       0 |   20383 |   0.0 |       0 |      42 |   0.0 |   831
      Shoals:4 |       0 |   45483 |   0.0 |       0 |      73 |   0.0 |  1145
       Snake:1 |       0 |   29788 |   0.0 |       0 |      55 |   0.0 |  1661
       Snake:2 |       0 |   21931 |   0.0 |       0 |      39 |   0.0 |  1087
       Snake:3 |       0 |   20840 |   0.0 |       0 |      43 |   0.0 |  1121
       Snake:4 |       0 |   56275 |   0.0 |       0 |      91 |   0.0 |  2149
       Slime:1 |       0 |    8237 |   0.0 |       0 |      14 |   0.0 |   166
       Slime:2 |       0 |    2362 |   0.0 |       0 |       1 |   0.0 |    24
       Slime:3 |       0 |    4874 |   0.0 |       0 |      11 |   0.0 |   172
       Slime:4 |       0 |    7157 |   0.0 |       0 |      13 |   0.0 |   299
       Slime:5 |       0 |   39576 |   0.0 |       0 |      24 |   0.0 |   865
         Orc:1 |       0 |    5750 |   0.0 |       0 |      52 |   0.0 |  1115
         Orc:2 |       0 |   24163 |   0.0 |       0 |     143 |   0.0 |  3984
         Elf:1 |       0 |   32039 |   0.0 |       0 |      47 |   0.0 |  2263
         Elf:2 |       0 |   41544 |   0.0 |       0 |      64 |   0.0 |  2331
         Elf:3 |       0 |   62436 |   0.0 |       0 |      62 |   0.0 |  2448
      Vaults:1 |       0 |   39281 |   0.0 |       0 |      81 |   0.0 |  2248
      Vaults:2 |       0 |   50679 |   0.0 |       0 |      97 |   0.0 |  3067
      Vaults:3 |       0 |   23962 |   0.0 |       0 |      31 |   0.0 |  1979
      Vaults:4 |       0 |   49180 |   0.0 |       0 |      86 |   0.0 |  2303
      Vaults:5 |       0 |  161866 |   0.0 |       0 |     144 |   0.0 |  2983
       Crypt:1 |       0 |   62048 |   0.0 |       0 |      70 |   0.0 |  1591
       Crypt:2 |       0 |   28622 |   0.0 |       0 |      39 |   0.0 |  1050
       Crypt:3 |       0 |   85772 |   0.0 |       0 |     108 |   0.0 |  1920
        Tomb:1 |       0 |  172695 |   0.0 |       0 |      91 |   0.0 |  2190
        Tomb:2 |       0 |   75638 |   0.0 |       0 |      82 |   0.0 |   840
        Tomb:3 |       0 |  119013 |   0.0 |       0 |     106 |   0.0 |   591
      Depths:1 |       0 |   49185 |   0.0 |       0 |      71 |   0.0 |  1701
      Depths:2 |       0 |  139609 |   0.0 |       0 |     128 |   0.0 |  3268
      Depths:3 |       0 |   38863 |   0.0 |       0 |      41 |   0.0 |  1371
      Depths:4 |       0 |   82748 |   0.0 |       0 |      85 |   0.0 |  2582
      Depths:5 |       0 |   53746 |   0.0 |       0 |      57 |   0.0 |  1538
          Hell |       0 |   28808 |   0.0 |       0 |      49 |   0.0 |   650
         Dis:2 |       0 |    7319 |   0.0 |       0 |      23 |   0.0 |   245
         Dis:5 |       0 |   12088 |   0.0 |       0 |      22 |   0.0 |    87
         Dis:6 |       0 |    8530 |   0.0 |       0 |      16 |   0.0 |    71
         Dis:7 |       0 |  143506 |   0.0 |       0 |     141 |   0.0 |   891
         Geh:1 |       0 |   17027 |   0.0 |       0 |      31 |   0.0 |   137
         Geh:4 |       0 |   22249 |   0.0 |       0 |      36 |   0.0 |   135
         Geh:5 |       0 |    1236 |   0.0 |       0 |       3 |   0.0 |    29
         Geh:6 |       0 |    4785 |   0.0 |       0 |      10 |   0.0 |    39
         Geh:7 |       0 |   85882 |   0.0 |       0 |      70 |   0.0 |   890
         Coc:1 |       0 |    9787 |   0.0 |       0 |      29 |   0.0 |   126
         Coc:3 |       0 |    4245 |   0.0 |       0 |       6 |   0.0 |    10
         Coc:4 |       0 |     534 |   0.0 |       0 |       2 |   0.0 |    19
         Coc:5 |       0 |   22434 |   0.0 |       0 |      14 |   0.0 |    57
         Coc:6 |       0 |    6686 |   0.0 |       0 |      10 |   0.0 |    33
         Coc:7 |       0 |  103928 |   0.0 |       0 |      73 |   0.0 |   488
         Tar:1 |       0 |    1477 |   0.0 |       0 |       1 |   0.0 |    21
         Tar:2 |       0 |    4882 |   0.0 |       0 |      20 |   0.0 |    95
         Tar:3 |       0 |    5031 |   0.0 |       0 |       4 |   0.0 |    23
         Tar:4 |       0 |    2900 |   0.0 |       0 |       5 |   0.0 |    26
         Tar:6 |       0 |   17751 |   0.0 |       0 |      22 |   0.0 |    88
         Tar:7 |       0 |  176313 |   0.0 |       0 |     131 |   0.0 |   895
         Zot:1 |       0 |    1202 |   0.0 |       0 |       1 |   0.0 |    65
         Zot:3 |       0 |   19151 |   0.0 |       0 |      12 |   0.0 |   100
         Zot:4 |       0 |     505 |   0.0 |       0 |       1 |   0.0 |   138
         Zot:5 |       0 |  147088 |   0.0 |       0 |      52 |   0.0 |  1086
       Abyss:1 |    3679 |    3573 |  50.7 |       4 |       7 |  36.4 |   284
       Abyss:2 |     194 |      90 |  68.3 |       1 |       1 |  50.0 |   110
       Abyss:3 |     473 |    5493 |   7.9 |       1 |      12 |   7.7 |   342
       Abyss:4 |    1287 |    3281 |  28.2 |       2 |       7 |  22.2 |   185
           Pan |   15730 |  292647 |   5.1 |      26 |     257 |   9.2 |  5656
         Zig:1 |       0 |    1170 |   0.0 |       0 |       1 |   0.0 |    24
         Zig:2 |       0 |    1596 |   0.0 |       0 |       3 |   0.0 |    43
         Zig:3 |       0 |    3113 |   0.0 |       0 |       4 |   0.0 |    76
         Zig:4 |       0 |    7248 |   0.0 |       0 |      16 |   0.0 |   163
         Zig:5 |       0 |    4215 |   0.0 |       0 |       9 |   0.0 |    89
         Zig:6 |       0 |    4903 |   0.0 |       0 |      12 |   0.0 |    59
         Zig:7 |       0 |    8384 |   0.0 |       0 |      13 |   0.0 |   139
       Ossuary |       0 |     174 |   0.0 |       0 |      35 |   0.0 |  1183
               +---------+---------+-------+---------+---------+-------+---------
